 Dungeon Crawl Stone Soup version 0.27.0-1-g7a089689b8 (webtiles) character file.

Game seed: 13837250930325796854

191764 SnakkuSnakku7 the Brawler (level 18, -14/156 HPs)
             Began as a Troll Fire Elementalist on Aug 9, 2021.
             Was the Champion of Hepliaklqana.
             Shot with an arrow by a satyr (16 damage)
             ... while paralysed by a sphinx
             ... on level 4 of the Shoals.
             The game lasted 00:45:08 (20310 turns).

SnakkuSnakku7 the Brawler (TrFE)                   Turns: 20310, Time: 00:45:08

Health: -14/156    AC: 13    Str: 27    XL:     18   Next: 2%
Magic:  22/22      EV:  1    Int: 11    God:    Hepliaklqana [******]
Gold:   2060       SH:  0    Dex: 24    Spells: 19/19 levels left

rFire    + . .     SeeInvis .     - Unarmed
rCold    + . .     Faith    .   N - +1 kite shield {rF+}
rNeg     . . .     Spirit   .   M - +2 troll leather armour {Snorg}
rPois    .         Reflect  .   z - +3 hat of Quantum Leap {rC+}
rElec    +         Harm     .   r - +1 cloak
rCorr    .         Rampage  .   (gloves unavailable)
Will     +....                  (boots unavailable)
Stlth    ++........             E - amulet "Vimaorau" {Acrobat rElec Dex+2 Slay+5}
HPRegen  2.36/turn              P - +6 ring of dexterity
MPRegen  0.18/turn              T - +6 ring of strength

@: paralysed, afraid, studying Stealth
A: reduced essence, large, unfitting armour, claws 3, regeneration 1, shaggy fur
1, tough skin 1
a: Renounce Religion, Recall Ancestor, Ancestor Identity, Transference, Idealise


You were on level 4 of the Shoals.
You worshipped Hepliaklqana.
Hepliaklqana was exalted by your worship.
You visited 4 branches of the dungeon, and saw 27 of its levels.
You also visited: Bailey and Gauntlet.

You collected 3009 gold pieces.
You spent 949 gold pieces at shops.

Inventory:

Hand Weapons
 B - the +8 quarterstaff "Piacoar" {vorpal, +Rage rElec Dex+3}
   (You took it off a minotaur in a Gauntlet)

   It inflicts extra damage upon your enemies.
   Dex:       It affects your dexterity (+3).
   rElec:     It insulates you from electricity.
   +Rage:     It lets you go berserk.
Missiles
 v - 8 throwing nets
 F - 16 javelins
 K - 21 large rocks (quivered)
Armour
 r - a +1 cloak (worn)
 z - the +3 hat of Quantum Leap (worn) {rC+}
   (You acquired it on level 13 of the Dungeon)

   rC:        It protects you from cold.
 M - a +2 troll leather armour (worn) {Snorg}
 N - a +1 kite shield of fire resistance (worn)
Jewellery
 w - a ring of see invisible
 x - a ring of protection from fire
 E - the amulet "Vimaorau" (around neck) {Acrobat rElec Dex+2 Slay+5}
   (You found it in a Gauntlet)

   [amulet of the acrobat]

   It increases your evasion while moving and waiting.
   Dex:       It affects your dexterity (+2).
   Slay:      It affects your accuracy & damage with ranged weapons and melee
   (+5).
   rElec:     It insulates you from electricity.
 G - a ring of fire
 I - a ring of protection from cold
 P - a +6 ring of dexterity (left claw)
 Q - a ring of protection from cold
 T - a +6 ring of strength (right claw)
 W - a ring of willpower
Wands
 a - a wand of acid (10)
 d - a wand of digging (4)
 l - a wand of flame (71)
 y - a wand of polymorph (15)
 H - a wand of iceblast (19)
 J - a wand of paralysis (23)
 O - a wand of mindburst (8)
 R - a wand of charming (13)
Scrolls
 f - 3 scrolls of fear
 g - 3 scrolls of blinking
 h - 10 scrolls of teleportation
 k - 3 scrolls of fog
 s - 8 scrolls of enchant armour
 t - a scroll of silence
 C - 4 scrolls of magic mapping
 L - a scroll of summoning
 S - a scroll of holy word
Potions
 b - 4 potions of might
 c - 4 potions of magic
 i - 10 potions of curing
 j - 16 potions of ambrosia
 m - 3 potions of cancellation
 n - 4 potions of brilliance
 o - 5 potions of flight
 p - 6 potions of attraction
 q - 2 potions of resistance
 u - 3 potions of invisibility
 D - 2 potions of haste
 U - 2 potions of berserk rage
 Y - 13 potions of heal wounds
 Z - 2 potions of mutation
Miscellaneous
 e - a condenser vane


   Skills:
 - Level 10.0 Fighting
 - Level 15.0 Throwing
 - Level 10.0 Dodging
 - Level 1.0 Stealth
 - Level 9.0 Shields
 + Level 16.1 Unarmed Combat
 - Level 1.2 Spellcasting
 - Level 0.6 Conjurations
 - Level 2.1 Fire Magic
 - Level 7.1 Invocations
 - Level 5.0 Evocations


You had 19 spell levels left.
You didn't know any spells.
Your spell library contained the following spells:

 Spells                   Type           Power      Damage    Failure   Level
 Foxfire                  Conj/Fire      12%        2x1d4     21%         1
 Magic Dart               Conj           8%         1d3       28%         1
 Shock                    Conj/Air       4%         1d3       30%         1
 Animate Skeleton         Necr           0%         N/A       34%         1
 Apportation              Tloc           0%         N/A       34%         1
 Corona                   Hex            0%         N/A       34%         1
 Freeze                   Ice            0%         1d3       34%         1
 Summon Small Mammal      Summ           0%         N/A       34%         1
 Call Imp                 Summ           0%         N/A       47%         2
 Corpse Rot               Necr/Air       N/A        N/A       47%         2
 Poisonous Vapours        Pois/Air       0%         N/A       47%         2
 Conjure Flame            Conj/Fire      3%         6-21      52%         3
 Inner Flame              Hex/Fire       3%         N/A       56%         3
 Dazzling Flash           Conj/Hex       2%         N/A       67%         3
 Mephitic Cloud           Conj/Pois/Air  1%         N/A       67%         3
 Call Canine Familiar     Summ           0%         N/A       71%         3
 Frozen Ramparts          Ice            0%         1d2       71%         3
 Ozocubu's Armour         Ice            0%         N/A       71%         3
 Portal Projectile        Hex/Tloc       0%         N/A       71%         3
 Summon Guardian Golem    Hex/Summ       0%         N/A       71%         3
 Swiftness                Air            0%         N/A       71%         3
 Sticky Flame             Conj/Fire      3%         2d3       89%         4
 Hailstorm                Conj/Ice       1%         3d3       97%         4
 Iskenderun's Mystic Bla  Conj/Tloc      1%         2d3       97%         4
 Airstrike                Air            0%         N/A       98%         4
 Ice Form                 Ice/Tmut       0%         N/A       98%         4
 Leda's Liquefaction      Hex/Erth       0%         N/A       98%         4
 Olgreb's Toxic Radiance  Pois           0%         N/A       98%         4
 Petrify                  Tmut/Erth      0%         N/A       98%         4
 Summon Ice Beast         Ice/Summ       0%         N/A       98%         4
 Fireball                 Conj/Fire      1%         3d3       99%         5
 Blade Hands              Tmut           0%         N/A       100%        5
 Bolt of Magma            Conj/Fire/Erth 1%         4d4       100%        5
 Excruciating Wounds      Necr           0%         N/A       100%        5
 Freezing Cloud           Conj/Ice/Air   0%         6-21      100%        5
 Metabolic Englaciation   Hex/Ice        0%         N/A       100%        5
 Simulacrum               Ice/Necr       0%         N/A       100%        6
 Starburst                Conj/Fire      1%         8x6d3     100%        6
 Statue Form              Tmut/Erth      0%         N/A       100%        6
 Ozocubu's Refrigeration  Ice            0%         4d5       100%        7
 Ignition                 Fire           2%         3d3       100%        8


Dungeon Overview and Level Annotations

Branches:
Dungeon (15/15)            Temple (0/1) D:7            Lair (6/6) D:8
 Shoals (4/4) Lair:4       Spider (0/4) Lair:3        Slime (0/5) Lair:6
    Orc (2/2) D:11            Elf (0/3) Orc:2        Vaults (0/5) D:14
 Depths (0/5) D:15         Bailey (visited)         Gauntlet (visited)

Altars:
Cheibriados
Dithmenos
Hepliaklqana
Makhleb
Okawaru
Qazlal
Ru
Sif Muna
Trog
Vehumet
Wu Jian
Xom
Zin
Beogh

Shops:
D:14 [   D:15 *   Orc:1 *   Orc:2 [(:*

Annotations:
Lair:5 exclusions: 2 doors and oklob plant
Lair:6 2 transporters, exclusion: hydra, Balder's ghost, journeyman MiFi


Innate Abilities, Weirdness & Mutations

Your life essence is reduced to manifest your ancestor. (-10% HP)
You are too large for most types of armour.
You have claws for hands.
Your natural rate of healing is unusually fast.
You are covered in fur. (AC +1)
You have tough skin. (AC +1)


Message History

The satyr unwields a +0 spear.
The satyr wields a +0 longbow.
The satyr shoots an arrow.
You block the arrow.
You swap places.
The satyr shoots an arrow.
The arrow hits you.
The satyr shoots an arrow.
The arrow closely misses Dandy J.
The arrow hits you!!
The sphinx mumbles some strange words.
Something smites you!
The satyr shoots an arrow.
You block the arrow.
The satyr plays a frightful melody on his pipes!
The satyr radiates an aura of fear!
You are terrified of the satyr!
You cannot move closer to the satyr!
Unknown command.
You are no longer terrified.
Something hits Dandy J!
Something bites Dandy J!!!
The sphinx casts a spell.
You suddenly lose the ability to move!
Something bites Dandy J!!!
Dandy J is destroyed!
The satyr plays a frightful melody on his pipes!
The satyr radiates an aura of fear!
You are terrified of the satyr!
You hear an angry hiss.
The sphinx hits you!
The sphinx hits you but does no damage. x2
An alligator snapping turtle comes into view.
The satyr plays a lulling melody on his pipes!
You can't fall asleep in your current state!
The sphinx hits you but does no damage. x3; The satyr unwields a +0 spear.
The satyr wields a +0 longbow.
The satyr shoots an arrow.
The arrow hits you!! The sphinx hits you!
The sphinx hits you but does no damage. The sphinx completely misses you.
The sphinx hits you! The sphinx hits you but does no damage.
The sphinx hits you.
The satyr shoots an arrow.
The arrow hits you!!
* * * LOW HITPOINT WARNING * * *
The sphinx hits you.
* * * LOW HITPOINT WARNING * * *
The sphinx hits you but does no damage. The sphinx completely misses you.
The alligator snapping turtle bites you from afar!!
* * * LOW HITPOINT WARNING * * *
The satyr shoots an arrow.
The arrow hits you!
You die...

..≈...≈ ≈≈≈≈≈≈≈≈≈≈≈≈≈≈≈
.###≈≈≈######≈≈≈≈≈≈≈≈≈≈≈≈ ≈
.#≈≈≈.##≈...##.≈≈≈≈≈≈≈≈≈≈≈≈
≈≈≈≈...≈.≈.(.=###.# ≈≈≈≈
.#≈≈..........#.(.## ≈≈≈≈≈
##≈≈##.........#...##≈≈≈≈≈≈
#≈≈≈###...≈.##.....#.≈≈≈≈≈
####≈≈≈.#.#.....H....#≈≈≈≈
≈...##≈≈≈≈...†.†@.t...≈≈≈≈≈
...##≈≈≈........##...#≈≈≈≈≈
....#≈≈##.###≈.####c..≈≈≈≈≈
...#####....#..# ....≈≈≈≈≈
......#......≈.. .c.#≈≈≈≈≈
.......#..≈≈....# .#####≈≈≈
..##...#....#..##.. .#
####...##''####..
^≈....8.... .


You could see an alligator snapping turtle, a sphinx and a satyr (scary).

Vanquished Creatures
  Gastronok (Lair:3)
  2 orc warlords
  Azrael (D:13)
  A minotaur (Gauntlet)
  The ghost of ZombieSheep the Grappler, a journeyman TrMo of Nemelex Xobeh (Lair:1)
  3 merfolk impalers
  The ghost of SnakkuSnakku7 the Grappler, a journeyman TrFE of Makhleb (D:13)
  Josephine (D:12)
  A yaktaur captain (D:14)
  A boulder beetle (Lair:3)
  A rakshasa (D:14)
  An ogre mage (D:14)
  A spectral fire giant (D:15)
  3 catoblepae
  2 centaur warriors
  7 hydras
  A death knight (D:15)
  5 two-headed ogres
  3 satyrs
  A dancing weapon (D:13)
  The ghost of hito the Devastator, a journeyman TeCj of Vehumet (Lair:2)
  2 death yaks (D:8)
  2 tengu warriors (D:15)
  An orc high priest (Orc:2)
  2 skeletal warriors (D:14)
  2 sea snakes
  A deep troll (D:14)
  3 lindwurms (Lair:6)
  A wizard (D:15)
  5 orc knights
  2 wolf spiders
  A necromancer (D:15)
  2 orc sorcerers
  A wolf spider zombie (D:15)
  3 deep elf zephyrmancers
  18 harpies
  7 ugly things
  A deep elf pyromancer (D:13)
  3 fauns (Shoals:4)
  6 cyclopes
  5 manticores
  A guardian serpent (Lair:6)
  9 black mambas
  6 elephants
  A torpor snail (Gauntlet)
  A merfolk siren (Shoals:2)
  A water nymph (Shoals:4)
  A spriggan zombie (D:15)
  19 cane toads
  3 gargoyles
  An unseen horror (D:11)
  11 komodo dragons
  A kobold demonologist (D:12)
  2 centaur skeletons (D:15)
  A rime drake (Lair:5)
  4 yaktaurs
  A tengu conjurer (D:14)
  A queen bee (D:13)
  5 meliai
  A harpy zombie (D:15)
  A polar bear (Lair:5)
  6 trolls
  9 merfolk
  3 hornets (Lair:6)
  2 snapping turtles
  Grinder (D:5)
  8 blink frogs
  An iron dragon simulacrum (D:15)
  17 slime creatures
  3 dream sheep (Lair:5)
  3 water elementals
  A centaur simulacrum (D:14)
  A shadow (D:12)
  A redback (Lair:6)
  36 yaks
  Eustachio (D:5)
  Grum (D:10)
  4 fire elementals (D:13)
  3 wraiths
  6 wyverns (Lair:6)
  A basilisk (Lair:6)
  A steam dragon (D:8)
  15 vampire mosquitoes
  A warg (Orc:2)
  2 hell hounds (D:13)
  20 water moccasins
  An ice beast (D:6)
  32 orc warriors
  3 black bears
  A deep troll simulacrum (D:15)
  A necrophage (D:6)
  12 wolves
  A battlemage (D:13)
  7 ogres
  6 centaurs
  3 kobold brigands
  15 bullfrogs
  A gnoll sergeant (D:12)
  A scorpion (D:6)
  26 killer bees
  4 howler monkeys
  4 centaur zombies
  A bullfrog zombie (D:6)
  2 hounds (D:5)
  7 jellies
  17 orc priests
  Ijyb (D:5)
  A scorpion zombie (D:3)
  6 iguanas
  25 orc wizards
  4 hell rats
  A hound skeleton (D:5)
  A howler monkey zombie (D:9)
  23 gnolls
  3 adders
  4 river rats (Lair:4)
  A shadow imp (D:8)
  2 white imps
  An adder skeleton (D:4)
  2 worms (D:2)
  61 orcs
  3 bats
  3 endoplasms
  6 giant cockroaches (D:1)
  20 hobgoblins
  5 jackals
  3 quokkas
  8 ball pythons
  3 frilled lizards
  16 goblins
  17 kobolds
  5 rats
695 creatures vanquished.

Vanquished Creatures (collateral kills)
  The ghost of Qedott the Destroyer, a journeyman PaCj of Vehumet (D:15)
  A minotaur (Shoals:4)
  Snorg (D:10)
  A merfolk impaler (Shoals:2)
  A spectral golden dragon (D:15)
  10 hydras
  The ghost of ZombieSheep the Fighter, a journeyman GrBe of Trog (Lair:1)
  3 satyrs (Shoals:4)
  A merfolk aquamancer (Shoals:4)
  A death yak (D:7)
  A two-headed ogre (D:12)
  Nergalle (D:12)
  Urug (D:12)
  A skeletal warrior (D:14)
  A lindwurm (Lair:6)
  A sea snake (Shoals:3)
  5 harpies
  2 orc knights
  A deep elf pyromancer (D:15)
  An orb spider (Lair:3)
  A tengu zombie (D:15)
  5 ugly things
  An orc sorcerer (D:15)
  A wolf spider (D:15)
  2 fauns (Shoals:2)
  A merfolk siren (Shoals:4)
  A moth of wrath (Gauntlet)
  3 manticores
  3 elephants
  A centaur zombie (D:11)
  3 black mambas
  2 water nymphs
  6 cane toads
  2 gargoyles
  An unseen horror (D:12)
  2 komodo dragons
  An efreet (D:14)
  A yaktaur (D:14)
  6 merfolk
  A meliai (D:13)
  A harpy skeleton (D:15)
  5 blink frogs
  A slime creature (D:13)
  A dream sheep (Shoals:4)
  A stone giant simulacrum (D:15)
  A fire dragon zombie (D:15)
  2 wraiths (D:12)
  3 basilisks
  2 wyverns (Lair:6)
  9 yaks
  An elf zombie (D:15)
  A steam dragon (Lair:3)
  A fire elemental (D:13)
  A vampire mosquito (D:11)
  2 wargs
  8 water moccasins
  8 orc warriors
  2 centaurs
  3 wolves
  A kobold brigand (D:11)
  A bullfrog (Lair:5)
  A gnoll sergeant (D:10)
  A human simulacrum (D:15)
  4 killer bees (D:13)
  An electric eel (D:14)
  9 orc priests
  A gnoll shaman (D:10)
  8 orc wizards
  A hell rat (Lair:4)
  9 gnolls
  A river rat (Lair:4)
  33 orcs
  10 goblins
  5 hobgoblins (Bailey)
  6 kobolds
  3 rats (Lair:4)
228 creatures vanquished.

Vanquished Creatures (others)
  A dream sheep (Shoals:4)
  A hell hound (D:13)
  2 killer bees (D:13)
  21 battlemagi
  3 ancestors
  An orc (Orc:1)
  A kobold (D:11)
  A demonic plant (D:1)
  9 foxfires
  23 fungi
  68 plants
  4 withered plants (Lair:2)
135 creatures vanquished.

Grand Total: 1058 creatures vanquished

Notes
Turn   | Place    | Note
-------+----------+-------------------------------------------
     0 | D:1      | SnakkuSnakku7 the Troll Fire Elementalist began the quest
                  | for the Orb.
     0 | D:1      | Reached XP level 1. HP: 16/16 MP: 1/1
    98 | D:1      | Found a faded altar of an unknown god.
   109 | D:1      | Reached skill level 1 in Unarmed Combat
   121 | D:1      | Reached XP level 2. HP: 26/26 MP: 2/2
   169 | D:1      | Reached skill level 1 in Fighting
   498 | D:2      | Noticed a howler monkey
   524 | D:1      | Killed a howler monkey
   525 | D:1      | Reached skill level 2 in Unarmed Combat
   525 | D:1      | Reached XP level 3. HP: 20/35 MP: 3/3
   637 | D:2      | Reached XP level 4. HP: 32/42 MP: 4/4
   914 | D:2      | Found a shimmering blue altar of Sif Muna.
  1193 | D:3      | Found an iron altar of Okawaru.
  1258 | D:3      | Reached skill level 3 in Unarmed Combat
  1669 | D:4      | Found a radiant altar of Vehumet.
  1709 | D:4      | Noticed a kobold brigand
  1725 | D:4      | Killed a kobold brigand
  1726 | D:4      | Reached XP level 5. HP: 8/53 MP: 5/5
  1729 | D:4      | HP: 2/53 [poisoned by a kobold brigand]
  1734 | D:4      | HP: 1/53 [poisoned by a kobold brigand]
  1843 | D:4      | Reached skill level 4 in Unarmed Combat
  1843 | D:4      | Reached XP level 6. HP: 60/61 MP: 6/6
  2011 | D:4      | Reached skill level 5 in Unarmed Combat
  2120 | D:4      | Reached XP level 7. HP: 68/70 MP: 7/7
  2242 | D:4      | Found a glowing silver altar of Zin.
  2242 | D:4      | Found an ornate altar of the Wu Jian Council.
  2691 | D:5      | Entered Level 5 of the Dungeon
  2739 | D:5      | Noticed Eustachio
  2763 | D:5      | Killed Eustachio
  2865 | D:5      | Noticed Grinder
  2881 | D:5      | Killed Grinder
  2882 | D:5      | Reached skill level 5 in Fighting
  2882 | D:5      | Reached skill level 6 in Unarmed Combat
  2882 | D:5      | Reached XP level 8. HP: 34/80 MP: 8/8
  2962 | D:5      | Reached skill level 7 in Unarmed Combat
  3182 | D:5      | Found a shadowy altar of Dithmenos.
  3240 | D:5      | Noticed Ijyb
  3250 | D:5      | Killed Ijyb
  3281 | D:5      | Found a hazy altar of Hepliaklqana.
  3392 | D:5      | Found a shimmering blue altar of Sif Muna.
  3401 | D:5      | Reached skill level 8 in Unarmed Combat
  3410 | D:5      | Got Sif Muna's Catalogue of Enthralling Snow
  3415 | D:5      | Found a bloodstained altar of Trog.
  3476 | D:5      | Became a worshipper of Hepliaklqana the Forgotten
  3631 | D:6      | Noticed a gargoyle
  3638 | D:6      | Killed a gargoyle
  3639 | D:6      | Reached skill level 9 in Unarmed Combat
  3653 | D:6      | Reached XP level 9. HP: 81/88 MP: 9/9
  3666 | D:6      | Reached skill level 10 in Unarmed Combat
  4094 | D:7      | Found a stormy altar of Qazlal.
  4098 | D:7      | Found a snail-covered altar of Cheibriados.
  4213 | D:7      | Reached skill level 11 in Unarmed Combat
  4253 | D:7      | Reached * piety under Hepliaklqana
  4688 | D:7      | Found a staircase to the Ecumenical Temple.
  4957 | D:8      | Found a staircase to the Lair.
  4957 | D:8      | Noticed a death yak
  4962 | D:8      | Noticed a death yak
  5095 | D:7      | Killed a death yak
  5096 | D:7      | Reached skill level 12 in Unarmed Combat
  5198 | D:7      | Reached XP level 10. HP: 63/86 MP: 10/10
  5554 | D:8      | Reached skill level 5 in Shields
  5601 | D:8      | Noticed a death yak
  5653 | D:8      | Killed a death yak
  5762 | D:8      | Reached ** piety under Hepliaklqana
  5763 | D:8      | Remembered your ancestor Dandy J as a battlemage
  5786 | D:8      | Killed a death yak
  6252 | D:9      | Noticed a two-headed ogre
  6334 | D:9      | Killed a two-headed ogre
  6422 | D:9      | Reached XP level 11. HP: 86/91 MP: 11/11
  6873 | D:10     | Entered Level 10 of the Dungeon
  7050 | D:10     | Noticed Grum
  7067 | D:10     | Killed Grum
  7105 | D:10     | Paralysed by a gnoll for 7 turns
  7344 | D:10     | Noticed Snorg
  7355 | D:10     | Killed Snorg
  7522 | D:10     | Reached *** piety under Hepliaklqana
  7731 | Lair:1   | Entered Level 1 of the Lair of Beasts
  7741 | Lair:1   | Reached skill level 14 in Unarmed Combat
  7741 | Lair:1   | Reached XP level 12. HP: 103/103 MP: 12/12
  7878 | Lair:1   | Found a gate leading to a gauntlet.
  7891 | Gauntlet | Entered a Gauntlet
  7891 | Gauntlet | Found a transporter.
  7891 | Gauntlet | Found a transporter.
  7891 | Gauntlet | Noticed a death yak
  7891 | Gauntlet | Noticed a death yak
  7891 | Gauntlet | Noticed a death yak
  7891 | Gauntlet | Noticed a death yak
  7894 | Gauntlet | Noticed a death yak
  7895 | Gauntlet | Found a transporter.
  7896 | Gauntlet | Found a transporter.
  7906 | Gauntlet | Found a transporter.
  7914 | Gauntlet | Found a transporter.
  7916 | Gauntlet | Found a large runed translucent door.
  7917 | Gauntlet | Found a large runed translucent door.
  7918 | Gauntlet | Found a large runed translucent door.
  7918 | Gauntlet | Found a large runed translucent door.
  7918 | Gauntlet | Found a large runed translucent door.
  7919 | Gauntlet | Found a runed translucent door.
  7919 | Gauntlet | Noticed a catoblepas
  7922 | Gauntlet | Found a transporter.
  7928 | Gauntlet | Found a runed translucent door.
  7929 | Gauntlet | Found a large runed translucent door.
  7929 | Gauntlet | Found a large runed translucent door.
  7929 | Gauntlet | Found a large runed translucent door.
  7930 | Gauntlet | Found a large runed translucent door.
  7931 | Gauntlet | Found a large runed translucent door.
  7932 | Gauntlet | Found a large runed translucent door.
  7932 | Gauntlet | Found a large runed translucent door.
  7932 | Gauntlet | Found a transporter.
  7933 | Gauntlet | Found a large runed translucent door.
  7933 | Gauntlet | Found a large runed translucent door.
  7933 | Gauntlet | Found a large runed translucent door.
  7933 | Gauntlet | Found a large runed translucent door.
  7936 | Gauntlet | Found a runed translucent gate.
  7936 | Gauntlet | Found a runed translucent gate.
  7936 | Gauntlet | Found a runed translucent gate.
  7938 | Gauntlet | Found a transporter.
  7938 | Gauntlet | Found a transporter.
  7968 | Gauntlet | Found a transporter.
  8053 | Gauntlet | Found a transporter.
  8086 | Gauntlet | Killed a catoblepas
  8097 | Gauntlet | Identified the amulet "Vimaorau" {Acrobat rElec Dex+2
                  | Slay+5}
  8190 | Gauntlet | Identified the +8 quarterstaff "Piacoar" {vorpal, +Rage
                  | rElec Dex+3}
  8190 | Gauntlet | Noticed a minotaur
  8200 | Gauntlet | Killed a minotaur
  8263 | Lair:1   | Noticed a seven-headed hydra
  8271 | Lair:1   | Killed a seven-headed hydra
  8341 | Lair:1   | Reached **** piety under Hepliaklqana
  8698 | Lair:2   | Found a runed translucent gate.
  8699 | Lair:2   | Found a runed translucent gate.
  8751 | Lair:2   | Reached skill level 10 in Fighting
  8751 | Lair:2   | Reached XP level 13. HP: 118/119 MP: 13/13
  8923 | Lair:2   | Reached ***** piety under Hepliaklqana
  8928 | Lair:2   | Found a runed translucent gate.
  8928 | Lair:2   | Noticed ZombieSheep's ghost (journeyman GrBe)
  8929 | Lair:2   | Noticed hito's ghost (journeyman TeCj)
  8930 | Lair:2   | Noticed ZombieSheep's ghost (journeyman TrMo)
  9336 | Lair:1   | Killed ZombieSheep's ghost
  9341 | Lair:1   | Killed ZombieSheep's ghost
  9374 | Lair:2   | Killed hito's ghost
  9551 | Lair:3   | Reached skill level 5 in Dodging
  9743 | Lair:3   | Found a hole to the Spider Nest.
  9872 | Lair:3   | Noticed Gastronok
  9982 | Lair:3   | Killed Gastronok
 10547 | Lair:4   | Found a staircase to the Shoals.
 11581 | Lair:5   | Reached XP level 14. HP: 128/128 MP: 14/14
 11625 | Lair:5   | Reached skill level 10 in Dodging
 11633 | Lair:5   | Reached skill level 1 in Invocations
 11695 | Lair:5   | Found the +2 shield of Resistance {rF++ rC++ Will++}
 11942 | Lair:5   | Identified the +8 ring mail "Lariby" {Int+3}
 12027 | Lair:5   | Reached skill level 5 in Invocations
 12387 | Lair:6   | Entered Level 6 of the Lair of Beasts
 12405 | Lair:6   | Reached skill level 1 in Evocations
 12580 | Lair:6   | Reached ****** piety under Hepliaklqana
 12766 | Lair:6   | Reached skill level 5 in Evocations
 12781 | Lair:6   | Found a staircase to the Slime Pits.
 12926 | Lair:6   | Found a transporter.
 12929 | Lair:6   | Noticed Balder's ghost (journeyman MiFi)
 12930 | Lair:6   | Found the macabre finger necklace {rN+}
 12941 | Lair:6   | Found a transporter.
 13049 | Lair:6   | Reached skill level 1 in Throwing
 13052 | Lair:6   | Paralysed by a hornet for 3 turns
 13831 | D:11     | Reached XP level 15. HP: 129/134 MP: 19/19
 14097 | D:11     | Reached skill level 5 in Throwing
 14121 | D:11     | Found a staircase to the Orcish Mines.
 14395 | Orc:1    | Entered Level 1 of the Orcish Mines
 14513 | Orc:1    | Found Lyam's Assorted Antiques.
 14534 | Orc:1    | Bought a scroll of fear for 105 gold pieces
 14534 | Orc:1    | Bought a large peridot ring for 150 gold pieces
 14534 | Orc:1    | Bought a scroll of teleportation for 90 gold pieces
 14534 | Orc:1    | Bought a scroll of teleportation for 90 gold pieces
 14534 | Orc:1    | Bought a potion of might for 120 gold pieces
 14821 | Orc:2    | Entered Level 2 of the Orcish Mines
 14821 | Orc:2    | Found a staircase to the Elven Halls.
 15011 | Orc:2    | Noticed an orc warlord
 15043 | Orc:2    | Killed an orc warlord
 15057 | Orc:2    | Found Icohoxor's Antique Armour Shoppe.
 15093 | Orc:2    | Found Xoduaps's Book Shoppe.
 15116 | Orc:2    | Found Beic Nyc's General Store.
 15124 | Orc:2    | Bought a wand of iceblast (9) for 169 gold pieces
 15133 | Orc:2    | Found Tuppyh's Antique Weapon Shoppe.
 15415 | Orc:2    | Found a burning altar of Makhleb.
 15801 | D:12     | Noticed Josephine
 15811 | D:12     | Killed Josephine
 15815 | D:12     | Noticed Urug
 15821 | D:12     | Killed Urug
 15930 | D:12     | Noticed Nergalle
 15937 | D:12     | Killed Nergalle
 16314 | D:13     | Found a flagged portal.
 16327 | Bailey   | Entered a bailey
 16449 | Bailey   | Identified a scroll of acquirement
 16449 | Bailey   | Acquired a +1 kite shield of fire resistance
 16520 | Bailey   | Noticed an orc warlord
 16538 | Bailey   | Killed an orc warlord
 16539 | Bailey   | Reached skill level 10 in Throwing
 16625 | D:13     | Acquired the +3 hat of Quantum Leap {rC+}
 16638 | D:13     | Reached skill level 15 in Unarmed Combat
 16638 | D:13     | Reached XP level 16. HP: 142/142 MP: 20/20
 16742 | D:13     | Noticed Azrael
 16759 | D:13     | Killed Azrael
 16783 | D:13     | Found a runed translucent door.
 16783 | D:13     | Found a shimmering altar of Xom.
 16783 | D:13     | Noticed SnakkuSnakku7's ghost (journeyman TrFE)
 17456 | D:13     | Killed SnakkuSnakku7's ghost
 17494 | D:14     | Found Buycusa's Armour Shop.
 17663 | D:14     | Reached XP level 17. HP: 100/149 MP: 21/21
 17876 | D:14     | Found a gate to the Vaults.
 17893 | D:14     | Found a burning altar of Makhleb.
 18007 | D:14     | Identified the amulet of the Tarantula {Acrobat Will+
                  | Stlth+}
 18066 | D:14     | Found a sacrificial altar of Ru.
 18357 | D:15     | Entered Level 15 of the Dungeon
 18659 | D:15     | Found a staircase to the Depths.
 18744 | D:15     | Found Qaxuk's Assorted Antiques.
 18753 | D:15     | Bought a scroll of enchant armour for 225 gold pieces
 18900 | D:15     | Found a runed translucent gate.
 18901 | D:15     | Found a runed translucent gate.
 18902 | D:15     | Found a runed translucent gate.
 18903 | D:15     | Noticed Qedott's ghost (journeyman PaCj)
 19073 | D:15     | Killed Qedott's ghost
 19443 | Shoals:1 | Entered Level 1 of the Shoals
 19894 | Shoals:3 | Reached skill level 15 in Throwing
 19998 | Shoals:4 | Entered Level 4 of the Shoals
 20278 | Shoals:4 | Reached skill level 16 in Unarmed Combat
 20280 | Shoals:4 | Reached XP level 18. HP: 109/156 MP: 22/22
 20304 | Shoals:4 | Paralysed by a sphinx for 7 turns
 20310 | Shoals:4 | HP: 2/156 [alligator snapping turtle (20)]
 20310 | Shoals:4 | Shot with an arrow by a satyr

Illustrated notes

Levels and vault maps discovered:
D:1:      roderic_crossed_star, layout_rooms, shapermc_ecumenical_altar_gd
D:2:      layout_basic, basic_altar, serial_bayou_ford_a
D:3:      layout_rooms, old_standard_altar, bh_walls_and_bars
D:4:      layout_cave_pods, nicolae_vehumet_radiance,
          gammafunk_temple_overflow_pools, amcnicky_mini_rare_corridor_liquid,
          minmay_fractal_squares_diagonal_5
D:5:      layout_loops_ring, riverfiend_overflow_shadow_ancestor,
          nzn_overflow_gifts_of_might_and_magic, kennysheep_nub, uniq_grinder,
          uniq_eustachio, uniq_ijyb
D:6:      layout_rooms, supply_closet_lemuel, minivault_1
D:7:      layout_loops_ring, grunt_temple_overflow_open,
          minmay_temple_entry_enclosed_plants
D:8:      layout_loops_corners, dpeg_lair_monsters
D:9:      layout_loops_ring, st_stairs_13
D:10:     layout_stronghold, uniq_snorg, uniq_grum
D:11:     layout_irregular_city, orc_0_dummy
D:12:     layout_irregular_city, grunt_ministairs_4, uniq_urug, uniq_nergalle,
          uniq_josephine
D:13:     layout_basic, lightli_bailey_entry_fortress, ebering_ghost_xom,
          special_room [special_room_bee], minmay_misc_feat_pillars, uniq_azrael
D:14:     minmay_the_grid_net [minmay_the_grid_garden, minmay_the_grid_tree,
          minmay_the_grid_mess, minmay_the_grid_empty,
          minmay_the_grid_minigrid_medium,
          minmay_the_grid_prize_shrinking_boxes], layout_basic, david_vaults_2,
          bloody_makhleb, serial_shops, kennysheep_little_box,
          hangedman_ru_absence
D:15:     grunt_enter_depths_magical_seal, layout_basic, serial_shops, shop,
          amcnicky_mini_pool_small, gammafunk_ghost_necromancy
Lair:1:   layout_gridlike, gauntlet_entry_generic, lemuel_fruit_fields
Lair:2:   layout_regular_city, gammafunk_ghost_cemetery, st_stairs_13
Lair:3:   layout_cave_pods, nicolae_spider_entry_orb_guardian,
          beast_lair_carwin_10, grunt_megastairs_1, uniq_gastronok
Lair:4:   layout_cave_pods, minmay_shoals_entry_centaurs,
          kennysheep_abandoned_house, grunt_megastairs_5
Lair:5:   nzn_winding_woodlands_stair_cross
          [nzn_winding_woodlands_5x15_river_crossing,
          nzn_winding_woodlands_center_lodge, nzn_winding_woodlands_5x15_twine,
          nzn_winding_woodlands_5x5_open_star,
          nzn_winding_woodlands_5x5_default,
          nzn_winding_woodlands_5x15_longhouse,
          nzn_winding_woodlands_center_triple_pond,
          nzn_winding_woodlands_5x15_concentric], layout_misc_corridors,
          minmay_lair_oklob_chamber
Lair:6:   hangedman_lair_tendril_chambers, layout_small_grid,
          minmay_slime_entry_pillars, gammafunk_ghost_berserking_beasts,
          minmay_lindwurm_lava
Shoals:1: layout_shoals
Shoals:2: layout_shoals
Shoals:3: layout_shoals
Shoals:4: shoals_end_hellmonk_lost_city
Orc:1:    layout_caves, basic_altar, serial_shops, shop_fountains
Orc:2:    grunt_orc_cross, layout_caves, basic_altar

Skill      XL: |  1  2  3  4  5  6  7  8  9 10 11 12 13 14 15 16 17 |
---------------+----------------------------------------------------+-----
Unarmed Combat | 1 2 3 4 5 6 9 12 14 15 16 | 16.1
Fighting       | 1 2 3 4 5 6 10 | 10.0
Shields        | 3 8 9 |  9.0
Dodging        | 9 10 | 10.0
Invocations    | 7 |  7.1
Evocations     | 5 |  5.0
Throwing       | 4 10 11 15 | 15.0
Stealth        | |  1.0
Spellcasting   | |  1.2
Conjurations   | |  0.6
Fire Magic     | |  2.1

Action                   |  1- 3 |  4- 6 |  7- 9 | 10-12 | 13-15 | 16-18 || total
-------------------------+-------+-------+-------+-------+-------+-------++-------
Melee: Unarmed           |   100 |   170 |   235 |   311 |   934 |   554 ||  2304
       Punch             |       |     1 |     9 |     3 |       |       ||    13
Throw: Large rock        |       |       |       |       |     8 |       ||     8
 Cast: Foxfire           |     1 |       |     3 |       |     1 |       ||     5
Invok: Ancestor Identity |       |       |     1 |       |       |       ||     1
       Ancestor Life: Ba |       |       |       |     1 |       |       ||     1
       Recall Ancestor   |       |       |       |     3 |     3 |     3 ||     9
       Idealise          |       |       |       |       |       |     1 ||     1
Evoke: Wand              |       |       |       |     6 |    44 |     5 ||    55
       Condenser vane    |       |       |       |       |       |     1 ||     1
  Use: Scroll            |       |       |     4 |     9 |    22 |       ||    35
       Potion            |       |       |       |     4 |     1 |       ||     5
 Stab: Sleeping          |       |     2 |     4 |     1 |     4 |     3 ||    14
       Distracted        |       |       |       |     6 |    11 |    11 ||    28
       Confused          |       |       |       |       |       |     4 ||     4
Armor: Robe              |    29 |    65 |    44 |    15 |       |       ||   153
       Troll leather arm |       |       |       |    34 |   204 |   113 ||   351
Dodge: Dodged            |    48 |    74 |   141 |    64 |   538 |   401 ||  1266
Block: Other             |       |       |       |    18 |       |       ||    18
       Kite shield       |       |       |       |   148 |   581 |   402 ||  1131
